 Dungeon Crawl Stone Soup version 0.29.0-11-gd7f09526c8 (webtiles) character file.

Game seed: 12377511176496613194

108518 Gabide the Warrior (level 17, -8/155 HPs)
             Began as a Formicid Berserker on Sept 4, 2022.
             Was the Champion of Trog.
             Killed from afar by a merfolk aquamancer (13 damage)
             ... with a torrent of water
             ... on level 1 of the Shoals.
             The game lasted 01:13:22 (33046 turns).

Gabide the Warrior (Formicid Berserker)            Turns: 33046, Time: 01:13:25

Health: -8/155     AC: 20    Str: 29    XL:     17   Next: 4%
Magic:  17/17      EV: 19    Int:  9    God:    Trog [******]
Gold:   1356       SH:  5    Dex: 13    Spells: 16/16 levels left

rFire   . . .      SeeInvis +   a - +10 giant spiked club "Heyd Jui" {vorpal, rPois rF+}
rCold   + + .      Faith    .   (shield currently unavailable)
rNeg    + + +      Spirit   .   d - +2 ice dragon scales
rPois   +          Reflect  +   (helmet unavailable)
rElec   +          Harm     .   K - +1 cloak of Ashenzari's Generosity {rPois rCorr Str+4}
rCorr   +          Rampage  .   z - +2 pair of gloves
Will    +....                   O - +1 pair of boots
Stlth   ..........              s - amulet of Ymisolaf {Reflect Drain rN+++ Will- Regen+ SH+5}
HPRegen 1.15/turn               i - +4 ring of evasion
MPRegen 0.15/turn               P - ring of the Turtledove {rElec rN+ Will+ Str-3 SInv}

@: engulfed (cannot breathe), invisible, very slow
A: permanent stasis, dig shafts and tunnels, antennae 3, four strong arms
a: Dig, Shaft Self, Renounce Religion, Trog's Hand, Brothers in Arms


You were on level 1 of the Shoals.
You worshipped Trog.
Trog was exalted by your worship.
You visited 4 branches of the dungeon, and saw 23 of its levels.
You also visited: Sewer, Gauntlet and Ice Cave.

You collected 2608 gold pieces.
You spent 1252 gold pieces at shops.

Inventory:

Hand Weapons
 a - the +10 giant spiked club "Heyd Jui" (weapon) {vorpal, rPois rF+}
   (Trog gifted it to you on level 14 of the Dungeon)

   It inflicts extra damage upon your enemies.
   rF:        It protects you from fire.
   rPois:     It protects you from poison.
 n - a +9 dire flail of flaming
 N - a +6 antimagic morningstar
 V - a +6 antimagic giant club
Missiles
 x - 18 boomerangs
 T - a throwing net
Armour
 d - +2 ice dragon scales (worn)
 z - a +2 pair of gloves (worn)
 H - the +4 buckler of the Were-rabbit {Str+4 Int+2}
   (You found it on level 3 of the Lair of Beasts)

   Str:       It affects your strength (+4).
   Int:       It affects your intelligence (+2).
 K - the +1 cloak of Ashenzari's Generosity (worn) {rPois rCorr Str+4}
   (You found it in a Gauntlet)

   Str:       It affects your strength (+4).
   rPois:     It protects you from poison.
   rCorr:     It protects you from acid and corrosion.
 O - a +1 pair of boots (worn)
 S - a +0 cloak
Jewellery
 i - a +4 ring of evasion (left hand)
 j - a ring of positive energy
 s - the amulet of Ymisolaf (around neck) {Reflect Drain rN+++ Will- Regen+ SH+5}
   (You acquired it on level 14 of the Dungeon)

   [amulet of reflection]

   It reflects blocked missile attacks.
   rN:        It renders you almost immune to negative energy.
   Regen:     It increases your rate of health regeneration.
   Drain:     It drains your maximum health when unequipped.
   SH:        It affects your SH (+5).
   Will:      It decreases your willpower.
 G - a +4 ring of protection
 I - an amulet of magic regeneration
 P - the ring of the Turtledove (right hand) {rElec rN+ Will+ Str-3 SInv}
   (You bought it in a shop on level 8 of the Dungeon)

   [ring of see invisible]

   Str:       It affects your strength (-3).
   rElec:     It insulates you from electricity.
   rN:        It protects you from negative energy.
   SInv:      It lets you see invisible.
   Will:      It increases your willpower.
 R - a ring of poison resistance
 W - a ring of protection from fire
Wands
 y - a wand of iceblast (11)
 C - a wand of paralysis (18)
 E - a wand of flame (25)
 J - a wand of light (14)
 L - a wand of polymorph (5)
 Q - a wand of digging (6)
Scrolls
 c - 2 scrolls of immolation
 e - 5 scrolls of fear
 f - 6 scrolls of poison
 h - a scroll of torment
 o - 4 scrolls of noise
 v - 2 scrolls of enchant armour
 w - a scroll of summoning
 A - 7 scrolls of butterflies
 B - 4 scrolls of silence
 D - a scroll of vulnerability
 U - 2 scrolls of enchant weapon
 X - a scroll of magic mapping
Potions
 b - 4 potions of resistance
 g - 3 potions of ambrosia
 k - 5 potions of flight
 l - 7 potions of lignification
 m - 8 potions of mutation
 p - 4 potions of might
 q - 13 potions of curing
 r - 2 potions of magic
 t - 4 potions of cancellation
 u - 2 potions of invisibility
 F - 5 potions of attraction
Miscellaneous
 M - a box of beasts
 Y - a condenser vane


   Skills:
 * Level 19.9 Fighting
 * Level 18.4 Maces & Flails
 - Level 5.0 Armour
 + Level 12.2 Dodging
 - Level 2.0 Shields


You had 16 spell levels left.
You didn't know any spells.
Your spell library was empty.

Dungeon Overview and Level Annotations

Branches:
Dungeon (15/15)            Temple (0/1) D:4            Lair (5/5) D:11
 Shoals (1/4) Lair:2       Spider (0/4) Lair:2        Slime (0/5) Lair:5
    Orc (2/2) D:12            Elf (0/3) Orc:2        Vaults (0/5) D:14
 Depths (0/4) D:15          Sewer (visited)           IceCv (visited)
Gauntlet (visited)

Altars:
Ashenzari
Cheibriados
Dithmenos
Gozag
Hepliaklqana
Kikubaaqudgha
Nemelex Xobeh
Qazlal
Sif Muna
Trog
Wu Jian
Xom
Yredelemnul
Jiyva
Lugonu

Shops:
D:5 !   D:6 !   D:7 ?   D:8 =   Orc:2 (=[*

Portals:
Abyss: Lair:5

Annotations:
D:10 2 runed translucent doors, onwiheg's ghost, journeyman BaBe


Innate Abilities, Weirdness & Mutations

You cannot be hasted, slowed, berserked, paralysed or teleported.
You can dig through walls and to a lower floor.
You have a pair of large antennae on your head. (SInv)
Your four strong arms can wield two-handed weapons with a shield.


Message History

* * * LOW HITPOINT WARNING * * *
x2 You barely miss the water elemental.
* * * LOW HITPOINT WARNING * * *
Your lungs strain for air!
The harpy claws you but does no damage. The harpy completely misses you.
The merfolk aquamancer gestures at you while chanting.
The shard of ice misses you. The water elemental barely misses you.
The merfolk hits you from afar with a +0 trident!
* * * LOW HITPOINT WARNING * * *
The merfolk misses you.
Unknown command.
You impale the water elemental!!
The water elemental is severely damaged.
* * * LOW HITPOINT WARNING * * *
Your lungs strain for air!
The harpy barely misses you. The harpy claws you but does no damage.
The merfolk aquamancer gestures at you while chanting.
The torrent of water misses you.
The wave splashes down.
The water elemental misses you.
The merfolk hits you from afar with a +0 trident!
* * * LOW HITPOINT WARNING * * *
The merfolk avatar chants a haunting song.
You resist with almost no effort.
Unknown command.
You feel much better.
* * * LOW HITPOINT WARNING * * *
Your lungs strain for air!
The harpy barely misses you. x2
The merfolk hits you from afar with a +2 vorpal trident.
* * * LOW HITPOINT WARNING * * *
x2 The merfolk aquamancer misses you.
The water elemental completely misses you.
The merfolk hits you but does no damage.
You fade into invisibility!
* * * LOW HITPOINT WARNING * * *
Your lungs strain for air!
The merfolk barely misses you.
The merfolk aquamancer casts a spell at you.
The torrent of water hits you!
You die...

≈≈~~~~~≈≈≈≈~~~
~~~~~~~~~~~~~~~~~~~~~~~~
~~~~.~~P~~~P~~~~~~~~~~~~
~~~..~~~~~~~....~~~~....
~~~..~~~~~P~##...~....~. ~
m..~~~~~~~###.......~~ ~~
#..~~Pm~~~~~~~.....~~
~≈≈≈≈≈~~~~###.~m~m~~~~~~........
.~≈≈≈≈≈~~~~~~~~~@E~~~~~~.#.###...
P~≈≈≈≈≈~~~~~~~~H~~~~~~~..######..
~~≈≈≈≈~~~~~~.P..~~~~~~~..........
≈≈≈≈≈≈~~~~~.##.~~~~~~~~P~....~...
≈≈≈≈≈≈~~.~~~###~~~....PP≈~......~
≈≈≈≈≈~~~~~~~~~~~~~##.~~PPP..#.~≈≈
≈≈~~~~~~~~~~≈≈≈≈~~.#.~~P~≈≈...≈≈≈
~~)~~~.~~~≈≈≈≈≈~~~~~~≈≈~≈~~~.≈.~≈
~~~....>~~~~≈≈≈~~~~~~~≈≈≈~..≈≈≈≈≈


You could see a merfolk avatar, a merfolk aquamancer (invisible), 2 merfolk, a
water elemental and a harpy.

Vanquished Creatures
  Gastronok (Lair:2)
  Kirke (Lair:5)
  An orc warlord (Orc:2)
  A minotaur (Gauntlet)
  An ettin (D:15)
  The ghost of Dumidips the Black Belt, a journeyman OpMo of Makhleb (Lair:2)
  The ghost of Reubyar the Impaler, a journeyman MiBe of Trog (Lair:2)
  The ghost of Duaji the Blocker, a journeyman GrFi of Okawaru (Lair:2)
  Josephine (D:15)
  4 boulder beetles
  An ice dragon (Orc:1)
  7 hydras
  Erolcha (Orc:1)
  The ghost of Huxoxzufuz the Blocker, a journeyman GnFi of Hepliaklqana (Lair:2)
  2 catoblepae
  3 two-headed ogres
  3 centaur warriors
  A merfolk aquamancer (Shoals:1)
  5 tengu warriors
  3 death yaks
  The ghost of nawrastar the Thaumaturge, a novice DjCj of Yredelemnul (D:9)
  4 orc high priests (Orc:2)
  2 thrashing horrors (Lair:5)
  A sea snake (Shoals:1)
  2 deep trolls (D:14)
  3 orc knights (Orc:2)
  A lindwurm (Lair:5)
  5 wizards
  5 harpies (Shoals:1)
  3 deep elf pyromancers
  5 orc sorcerers
  2 necromancers
  3 cyclopes
  8 ugly things
  6 manticores
  5 black mambas
  16 elephants
  A water nymph (Shoals:1)
  An ice statue (IceCv)
  2 smoke demons (Lair:5)
  10 cane toads
  A kobold demonologist (D:12)
  2 unseen horrors
  6 freezing wraiths (IceCv)
  13 komodo dragons
  3 rime drakes
  An efreet (D:14)
  2 tengu conjurers
  2 ancient zymes (Lair:5)
  5 polar bears
  9 ice devils (IceCv)
  A hornet (D:9)
  6 trolls
  An anaconda simulacrum (IceCv)
  3 merfolk (Shoals:1)
  3 meliai (Gauntlet)
  A queen bee (shapeshifter) (D:13)
  Grinder (D:3)
  26 blink frogs
  9 slime creatures (D:14)
  3 snapping turtles
  A jumping spider (Lair:2)
  A jumping spider (shapeshifter) (D:14)
  3 ynoxinuls (Lair:5)
  4 shadows
  17 humans (D:14)
  4 wyverns
  A spriggan (Lair:5)
  2 water elementals (Shoals:1)
  4 wraiths
  33 yaks
  2 dire elephant simulacra (IceCv)
  6 basilisks
  2 chaos spawn (Lair:5)
  2 steam dragons
  2 vampire mosquitoes (D:13)
  A redback (Lair:2)
  2 hogs (Lair:5)
  2 death yak simulacra (IceCv)
  6 wargs
  A harpy simulacrum (IceCv)
  4 acid dragons
  9 water moccasins
  2 hell hounds (Lair:5)
  3 hydra simulacra (IceCv)
  Duvessa (D:6)
  37 orc warriors
  5 black bears
  2 ogres (Orc:1)
  7 centaurs
  A sky beast (D:8)
  21 wolves
  2 phantoms (D:5)
  Blork the orc (D:5)
  10 small abominations (Lair:5)
  2 kobold brigands
  10 bullfrogs
  2 gnoll sergeants
  4 cane toad simulacra (IceCv)
  2 scorpions
  A two-headed ogre simulacrum (IceCv)
  Dowan (D:6)
  3 elephant simulacra (IceCv)
  4 killer bees (D:8)
  2 electric eels
  25 orc priests
  2 jellies
  A gnoll bouda (D:5)
  2 hounds
  Ijyb (D:2)
  An iguana (D:5)
  27 orc wizards
  5 polar bear simulacra (IceCv)
  Natasha (thrice) (D:2)
  A troll simulacrum (IceCv)
  2 merfolk sirens
  2 spriggan simulacra (IceCv)
  A merfolk avatar (Sewer)
  6 wolf simulacra (IceCv)
  Robin (D:2)
  18 gnolls
  11 adders
  5 river rats
  3 shadow imps
  A white imp (Gauntlet)
  3 ufetubi
  3 worms
  3 dart slugs
  83 orcs
  4 endoplasms
  3 giant cockroaches
  13 goblins
  9 hobgoblins
  6 jackals
  19 kobolds
  A quokka (D:6)
  12 ball pythons
  6 bats
  6 frilled lizards
  32 rats
777 creatures vanquished.

Vanquished Creatures (collateral kills)
  2 vault guards (D:14)
  A deep elf knight (D:14)
  A human (D:14)
4 creatures vanquished.

Vanquished Creatures (others)
  2 orcs
  A bush (Lair:5)
  50 fungi
  96 plants
149 creatures vanquished.

Grand Total: 930 creatures vanquished

Notes
Turn   | Place    | Note
-------+----------+-------------------------------------------
     0 | D:1      | Gabide the Formicid Berserker began the quest for the Orb.
     0 | D:1      | Reached XP level 1. HP: 18/18 MP: 1/1
   374 | D:1      | Reached XP level 2. HP: 24/24 MP: 2/2
   607 | D:1      | Reached XP level 3. HP: 30/30 MP: 3/3
   763 | D:1      | Reached ** piety under Trog
  1071 | D:2      | Found a faded altar of an unknown god.
  1138 | D:2      | Reached skill level 4 in Fighting
  1155 | D:2      | Reached XP level 4. HP: 36/37 MP: 4/4
  1311 | D:2      | Found an ancient bone altar of Kikubaaqudgha.
  1325 | D:2      | Noticed Robin
  1332 | D:2      | Reached XP level 5. HP: 41/43 MP: 5/5
  1366 | D:2      | Killed Robin
  1565 | D:2      | Noticed Natasha
  1576 | D:2      | Killed Natasha
  1670 | D:2      | Noticed Natasha
  1679 | D:2      | Killed Natasha
  1680 | D:2      | Reached XP level 6. HP: 39/50 MP: 6/6
  1943 | D:2      | Noticed Natasha
  1951 | D:2      | Killed Natasha
  1952 | D:2      | Reached skill level 5 in Fighting
  1969 | D:3      | Noticed Grinder
  1974 | D:3      | Noticed Ijyb
  1997 | D:2      | Killed Ijyb
  2193 | D:3      | Killed Grinder
  2194 | D:3      | Reached skill level 5 in Maces & Flails
  2194 | D:3      | Reached XP level 7. HP: 32/57 MP: 7/7
  2554 | D:3      | Found a shimmering altar of Xom.
  2774 | D:4      | Reached *** piety under Trog
  2775 | D:4      | Reached skill level 6 in Fighting
  2872 | D:4      | Found a staircase to the Ecumenical Temple.
  2880 | D:4      | Found a shimmering blue altar of Sif Muna.
  2881 | D:4      | Found a broken altar of Ashenzari.
  2974 | D:4      | Found a stormy altar of Qazlal.
  3084 | D:4      | Found an opulent altar of Gozag.
  3274 | D:5      | Entered Level 5 of the Dungeon
  3664 | D:5      | Reached XP level 8. HP: 27/65 MP: 8/8
  3994 | D:5      | Found Jotujiata's Distillery.
  3999 | D:5      | Bought a potion of curing for 42 gold pieces
  3999 | D:5      | Bought a potion of curing for 42 gold pieces
  3999 | D:5      | Bought a potion of curing for 42 gold pieces
  3999 | D:5      | Bought a potion of lignification for 42 gold pieces
  4095 | D:5      | Noticed Blork the orc
  4107 | D:5      | Killed Blork the orc
  4108 | D:5      | Reached skill level 7 in Fighting
  5025 | D:6      | Found an ornate altar of the Wu Jian Council.
  5097 | D:6      | Reached skill level 8 in Fighting
  5097 | D:6      | Reached XP level 9. HP: 48/74 MP: 9/9
  5333 | D:6      | Found Wurur Uvo's Distillery.
  5467 | D:6      | Reached **** piety under Trog
  5474 | D:6      | Found a glowing drain.
  5478 | Sewer    | Entered a sewer
  5929 | D:6      | Noticed Dowan
  5930 | D:6      | Noticed Duvessa
  5942 | D:6      | Killed Duvessa
  5953 | D:6      | Killed Dowan
  5953 | D:6      | Reached ***** piety under Trog
  7204 | D:7      | Reached skill level 5 in Dodging
  7413 | D:7      | Found Mapniev's Magic Scroll Emporium.
  7420 | D:7      | Found a snail-covered altar of Cheibriados.
  7423 | D:7      | Bought a scroll of noise for 11 gold pieces
  7423 | D:7      | Bought a scroll of butterflies for 44 gold pieces
  7423 | D:7      | Bought a scroll of enchant armour for 82 gold pieces
  7423 | D:7      | Bought a scroll of vulnerability for 44 gold pieces
  7590 | D:7      | Found a sparkling altar of Nemelex Xobeh.
  7732 | D:8      | Reached skill level 9 in Fighting
  7942 | D:8      | Found Xecsis's Jewellery Boutique.
  8425 | D:8      | Reached XP level 10. HP: 47/82 MP: 10/10
  9215 | D:9      | Found a runed translucent door.
  9215 | D:9      | Noticed nawrastar's ghost (novice DjCj)
  9269 | D:9      | Killed nawrastar's ghost
  9270 | D:9      | Reached skill level 10 in Fighting
 10554 | D:9      | Found a bloodstained altar of Trog.
 10610 | D:10     | Entered Level 10 of the Dungeon
 10610 | D:10     | Noticed an unseen horror
 10625 | D:9      | Killed an unseen horror
 10626 | D:9      | Reached skill level 10 in Maces & Flails
 10655 | D:10     | Reached skill level 11 in Fighting
 11027 | D:10     | Noticed a two-headed ogre
 11032 | D:10     | Killed a two-headed ogre
 11033 | D:10     | Reached XP level 11. HP: 93/93 MP: 11/11
 11719 | D:10     | Found a large runed translucent door.
 11719 | D:10     | Found a large runed translucent door.
 11789 | D:10     | Noticed onwiheg's ghost (journeyman BaBe)
 12126 | D:11     | Noticed a five-headed hydra
 12134 | D:11     | Killed a five-headed hydra
 12135 | D:11     | Reached skill level 12 in Fighting
 12406 | D:11     | Noticed a boulder beetle
 12432 | D:11     | Killed a boulder beetle
 12582 | D:11     | Found a staircase to the Lair.
 13266 | D:12     | Found a basalt altar of Yredelemnul.
 13274 | D:12     | Noticed a manticore
 13283 | D:12     | Killed a manticore
 13587 | D:12     | Noticed a manticore
 13605 | D:12     | Killed a manticore
 13717 | D:12     | Found a staircase to the Orcish Mines.
 13725 | D:12     | Noticed a four-headed hydra
 13747 | D:12     | Killed a four-headed hydra
 13750 | D:12     | Reached XP level 12. HP: 49/103 MP: 12/12
 13755 | D:12     | Reached skill level 13 in Fighting
 14017 | D:12     | Received a gift from Trog
 14216 | D:13     | Noticed a tengu warrior
 14216 | D:13     | Noticed a tengu warrior
 14238 | D:13     | Killed a tengu warrior
 14245 | D:13     | Killed a tengu warrior
 14688 | D:13     | Noticed a catoblepas
 14708 | D:13     | Killed a catoblepas
 15238 | D:13     | Noticed a boulder beetle
 15254 | D:13     | Killed a boulder beetle
 15255 | D:13     | Reached skill level 14 in Fighting
 15389 | D:13     | Found a faded altar of an unknown god.
 15391 | D:13     | Found a faded altar of an unknown god.
 15391 | D:13     | Found a hazy altar of Hepliaklqana.
 15643 | D:8      | Bought the ring of the Turtledove {rElec rN+ Will+ Str-3
                  | SInv} for 455 gold pieces
 16703 | Lair:1   | Entered Level 1 of the Lair of Beasts
 17057 | Lair:1   | Identified the +6 long sword of Alyiv {antimagic, Str+5
                  | Stlth+}
 17171 | Lair:1   | Reached XP level 13. HP: 71/114 MP: 4/13
 17650 | Lair:1   | Reached skill level 5 in Armour
 18812 | Lair:2   | Found a runed translucent gate.
 18812 | Lair:2   | Found a runed translucent gate.
 18813 | Lair:2   | Found a runed translucent gate.
 18814 | Lair:2   | Noticed Dumidips's ghost (journeyman OpMo)
 18814 | Lair:2   | Noticed Reubyar's ghost (journeyman MiBe)
 18814 | Lair:2   | Noticed Duaji's ghost (journeyman GrFi)
 18814 | Lair:2   | Noticed Huxoxzufuz's ghost (journeyman GnFi)
 19077 | Lair:2   | Killed Duaji's ghost
 19078 | Lair:2   | Reached skill level 15 in Fighting
 19093 | Lair:2   | Killed Dumidips's ghost
 19114 | Lair:2   | Killed Reubyar's ghost
 19142 | Lair:2   | Killed Huxoxzufuz's ghost
 19314 | Lair:2   | Identified the +10 dagger "Beinn" {elec, rCorr Int+3}
 19386 | Lair:2   | Found a hole to the Spider Nest.
 19565 | Lair:2   | Noticed Gastronok
 19666 | Lair:2   | Killed Gastronok
 20274 | Lair:2   | Found a staircase to the Shoals.
 20274 | Lair:2   | Noticed a six-headed hydra
 20279 | Lair:2   | Killed a six-headed hydra
 20280 | Lair:2   | Reached XP level 14. HP: 98/124 MP: 4/14
 21213 | Lair:2   | Reached skill level 16 in Fighting
 22050 | Lair:3   | Reached skill level 15 in Maces & Flails
 22124 | Lair:3   | Identified the +4 buckler of the Were-rabbit {Str+4 Int+2}
 22430 | Lair:3   | Reached skill level 1 in Shields
 22645 | Lair:3   | You fall into a shaft and drop 2 floors!
 22645 | Lair:5   | Entered Level 5 of the Lair of Beasts
 22653 | Lair:5   | Reached skill level 10 in Dodging
 22669 | Lair:5   | Received a gift from Trog
 23336 | Lair:5   | Reached skill level 17 in Fighting
 23697 | Lair:5   | Found a corrupted altar of Lugonu.
 23697 | Lair:5   | Found a one-way gate to the infinite horrors of the Abyss.
 24360 | Lair:5   | Found a staircase to the Slime Pits.
 24448 | Lair:5   | Noticed Kirke
 24457 | Lair:5   | Killed Kirke
 24458 | Lair:5   | Reached XP level 15. HP: 121/134 MP: 5/15
 24504 | Lair:5   | Found a viscous altar of Jiyva.
 25082 | Lair:5   | Received a gift from Trog
 27786 | D:14     | Found a shadowy altar of Dithmenos.
 27873 | D:14     | Reached skill level 18 in Fighting
 28043 | D:14     | Found a gate to the Vaults.
 28076 | D:14     | Identified the +10 giant spiked club "Heyd Jui" {vorpal,
                  | rPois rF+} (Trog gifted it to you on level 14 of the
                  | Dungeon)
 28076 | D:14     | Received a gift from Trog
 28376 | D:14     | Identified a scroll of acquirement
 28377 | D:14     | Acquired the amulet of Ymisolaf {Reflect Drain rN+++ Will-
                  | Regen+ SH+5}
 28809 | D:15     | Entered Level 15 of the Dungeon
 28811 | D:15     | Noticed Josephine
 28824 | D:15     | Killed Josephine
 29015 | D:15     | Reached XP level 16. HP: 145/145 MP: 16/16
 29367 | D:15     | Found a staircase to the Depths.
 29751 | Orc:1    | Entered Level 1 of the Orcish Mines
 29818 | Orc:1    | Found a frozen archway.
 29848 | IceCv    | Entered an ice cave
 29976 | IceCv    | Received a gift from Trog
 30072 | IceCv    | Found an ancient bone altar of Kikubaaqudgha.
 30100 | IceCv    | Reached skill level 19 in Fighting
 30343 | IceCv    | Identified the +0 chain mail "Teuhits" {*Slow rPois rF+
                  | rCorr}
 30964 | Orc:2    | Entered Level 2 of the Orcish Mines
 31015 | Orc:2    | Found a gate leading to a gauntlet.
 31104 | Gauntlet | Entered a Gauntlet
 31104 | Gauntlet | Found a transporter.
 31104 | Gauntlet | Found a transporter.
 31108 | Gauntlet | Found a transporter.
 31110 | Gauntlet | Found a large runed translucent door.
 31111 | Gauntlet | Found a large runed translucent door.
 31112 | Gauntlet | Found a large runed translucent door.
 31112 | Gauntlet | Found a large runed translucent door.
 31112 | Gauntlet | Found a runed translucent door.
 31113 | Gauntlet | Found a large runed translucent door.
 31117 | Gauntlet | Found a transporter.
 31119 | Gauntlet | Found a large runed translucent door.
 31120 | Gauntlet | Found a large runed translucent door.
 31121 | Gauntlet | Found a large runed translucent door.
 31122 | Gauntlet | Found a runed translucent gate.
 31124 | Gauntlet | Found a transporter.
 31125 | Gauntlet | Found a runed translucent gate.
 31125 | Gauntlet | Found a transporter.
 31125 | Gauntlet | Found a transporter.
 31129 | Gauntlet | Found a runed translucent gate.
 31129 | Gauntlet | Found a runed translucent door.
 31133 | Gauntlet | Found a large runed translucent door.
 31133 | Gauntlet | Found a large runed translucent door.
 31134 | Gauntlet | Found a transporter.
 31134 | Gauntlet | Found a transporter.
 31165 | Gauntlet | Found a transporter.
 31174 | Gauntlet | Found a large runed translucent door.
 31175 | Gauntlet | Found a large runed translucent door.
 31177 | Gauntlet | Found a transporter.
 31193 | Gauntlet | Found a large runed translucent door.
 31193 | Gauntlet | Found a large runed translucent door.
 31194 | Gauntlet | Found a large runed translucent door.
 31195 | Gauntlet | Found a large runed translucent door.
 31195 | Gauntlet | Found a transporter.
 31229 | Gauntlet | Found a transporter.
 31231 | Gauntlet | Found the +2 hat of the Bear Spirit {Spirit, *Rage Will++}
 31243 | Gauntlet | Found a transporter.
 31344 | Gauntlet | Found a transporter.
 31358 | Gauntlet | Found a transporter.
 31497 | Gauntlet | Reached ****** piety under Trog
 31504 | Gauntlet | Identified the +1 cloak of Ashenzari's Generosity {rPois
                  | rCorr Str+4}
 31565 | Gauntlet | Received a gift from Trog
 31662 | Gauntlet | Identified the +0 cloak of the Sun {rPois Int-3 Dex+3}
 32114 | Orc:2    | Received a gift from Trog
 32198 | Orc:2    | Found a staircase to the Elven Halls.
 32259 | Orc:2    | Found Petioto's Antique Armour Boutique.
 32260 | Orc:2    | Found Zisas's Antique Weapon Shop.
 32262 | Orc:2    | Found Zaxomor's General Store.
 32262 | Orc:2    | Found Poreatt's Jewellery Boutique.
 32278 | Orc:2    | Bought a scroll of enchant armour for 105 gold pieces
 32278 | Orc:2    | Bought a scroll of enchant armour for 105 gold pieces
 32278 | Orc:2    | Bought a potion of might for 56 gold pieces
 32278 | Orc:2    | Bought 2 potions of heal wounds for 140 gold pieces
 32278 | Orc:2    | Bought a potion of curing for 42 gold pieces
 32415 | Orc:1    | Noticed Erolcha
 32422 | Orc:1    | Killed Erolcha
 32613 | Shoals:1 | Entered Level 1 of the Shoals
 32968 | Shoals:1 | Reached XP level 17. HP: 132/155 MP: 17/17
 33044 | Shoals:1 | HP: 7/155 [merfolk/+0 trident[a merfolk aquamancer] (13)]
 33046 | Shoals:1 | Killed from afar by a merfolk aquamancer

Illustrated notes

Levels and vault maps discovered:
D:1:      sevenhm_arrival_forest_fort_large_4, layout_loops_ring
D:2:      layout_rooms, basic_altar, hellmonk_ecumenical_altar_leap_of_faith,
          uniq_natasha, uniq_robin
D:3:      layout_rooms, mainiacjoe_overflow_six_doors_small, uniq_ijyb,
          uniq_grinder
D:4:      layout_cave_pools, chequers_temple_overflow_statue_of_worship,
          nicolae_qazlal_scattered_showers, minmay_temple_entry_gardened_gates,
          nicolae_concentric_dashed_squares_wild, nicolae_figureground_pulse
D:5:      layout_loops_corners, serial_shops, nicolae_shop_hallway_plus,
          minmay_misc_feat_nine_boxes, uniq_blork_the_orc
D:6:      layout_layer_cave, nzn_wu_jian_contemplation, serial_shops,
          nicolae_take_the_stairs, gup_sewer_entry_bowl, hangedman_decor_points,
          dk_noncrumbling_4, minmay_misc_feat_tiny, grunt_decor_cap,
          uniq_duvessa
D:7:      layout_cave_pools, mainiacjoe_overflow_boulevard,
          mainiacjoe_overflow_alcove_4, serial_shops, shop
D:8:      layout_basic, serial_shops, nicolae_inconvenience_store,
          minmay_misc_feat_hallway, serial_park_tiny_pond, hex_tiny
D:9:      layout_small_grid, general_overflow_altar,
          hellmonk_ghost_happy_afterlife
D:10:     layout_gridville, ebering_ghost_disaster_area
D:11:     layout_basic, lair_entry_dummy
D:12:     layout_cave_pods, minmay_orc_entry_guard_dogs,
          yredelemnul_altar_generic
D:13:     layout_roguey, nicolae_hepliaklqana_ecumenical_no_more
D:14:     layout_roguey, grunt_vaults_entry_tiered,
          nicolae_dithmenos_through_a_glass_darkly, nrook_mini_backslash
D:15:     hangedman_depths_entry_civil_slaughter, layout_loops_ring,
          chequers_serial_rivers_small_a, uniq_josephine
Lair:1:   layout_layer_cave
Lair:2:   layout_regular_city, minmay_shoals_entry_hut, spider_nest_entry_a,
          gammafunk_ghost_cemetery, serial_bayou_shore_a, uniq_gastronok
Lair:3:   layout_regular_city, grunt_forest_small_clearings, grunt_megastairs_2
Lair:4:   layout_cave_pods, grunt_megastairs_5
Lair:5:   hellmonk_lair_end_abyssal_woods, layout_small_grid, slime_entry_1,
          enter_volcano_3, nicolae_quartered_pool_little, uniq_kirke
Shoals:1: layout_shoals
Orc:1:    layout_diamond_mine, portal_ice_cave_entry_animals_and_master,
          uniq_erolcha
Orc:2:    st_orc_congregation, layout_diamond_mine, gauntlet_entry_generic,
          basic_altar

Skill      XL: |  1  2  3  4  5  6  7  8  9 10 11 12 13 14 15 16 |
---------------+-------------------------------------------------+-----
Dodging        | 2 3 4 5 6 7 8 9 10 11 12 | 12.2
Fighting       | 4 5 6 8 9 11 12 14 15 17 18 19 | 19.9
Armour         | 3 4 5 |  5.0
Maces & Flails | 4 5 7 8 10 11 13 14 15 17 18 | 18.4
Shields        | 2 |  2.0

Action                   |  1- 3 |  4- 6 |  7- 9 | 10-12 | 13-15 | 16-18 || total
-------------------------+-------+-------+-------+-------+-------+-------++-------
Melee: Mace              |    73 |   127 |   439 |   127 |       |       ||   766
       Punch             |     1 |     3 |     6 |     7 |     9 |       ||    26
       Flail             |       |       |       |   250 |       |       ||   250
       Morningstar       |       |       |       |   179 |   830 |       ||  1009
       Giant spiked club |       |       |       |       |   309 |   492 ||   801
Invok: Trog's Hand       |       |     4 |       |       |     5 |     3 ||    12
       Brothers in Arms  |       |       |       |       |     1 |     1 ||     2
 Abil: Dig               |     3 |       |       |       |       |     2 ||     5
Evoke: Wand              |       |       |    10 |    10 |     4 |     8 ||    32
  Use: Scroll            |     3 |     2 |    12 |    10 |     8 |     2 ||    37
       Potion            |       |     2 |     2 |     5 |    12 |     7 ||    28
 Stab: Invisible         |       |       |       |     7 |     1 |       ||     8
       Paralysed         |       |       |       |     3 |       |       ||     3
       Distracted        |       |       |       |       |     1 |       ||     1
       Petrifying        |       |       |       |       |       |     1 ||     1
Armor: Animal skin       |     3 |       |       |       |       |       ||     3
       Ice dragon scales |    44 |    86 |   197 |   294 |   489 |   200 ||  1310
Dodge: Dodged            |    37 |    98 |   452 |   473 |  1078 |   500 ||  2638
Block: Buckler           |       |       |       |       |   144 |       ||   144
       Other             |       |       |       |       |    21 |   153 ||   174
       Reflection        |       |       |       |       |     1 |     6 ||     7
